Map: Абиогенез РВ

Players

Murena

  • Race: Terran Terran
  • Spawn Location: 11:00

ИИ 1 (эксперт) - Winner!

  • Race: Protoss Protoss
  • Spawn Location: 5:00

VOD

Have the link to the VOD?

Description

Time

  • Played on: March 25, 2019, 4:25 p.m.
  • Length: 5:18
Show
View Real Time Build Order
Export as new Build Order

Murena Terran 

Build Orders:  

Get SALT Encoding   

  12  0:00  SCV  
  13  0:12  SCV  
  14  0:18  Refinery  
  14  0:25  SCV  
  15  0:30  Supply Depot  
  15  0:52  Barracks  
  15  0:54  SCV  
  15  0:55  Refinery  
  16  1:07  SCV  
  17  1:12  Supply Depot  
  17  1:19  SCV  
  18  1:31  SCV  
  19  1:39  Barracks Reactor  
  19  1:42  Factory  
  19  1:47  SCV  
  20  2:00  SCV  
  21  2:12  Orbital Command  
  21  2:16  Marine x2  
  23  2:23  Supply Depot  
  23  2:26  Factory Tech Lab  
  23  2:34  Marine  
  23  2:35  Marine  
  25  2:41  SCV  
  26  2:48  Siege Tank  
  29  2:52  Marine  
  29  2:54  Marine  
  29  2:57  SCV  
  32  3:05  Supply Depot  
  32  3:10  Marine  
  32  3:12  Marine  
  34  3:13  SCV  
  35  3:20  Cyclone  
  35  3:26  SCV  
  39  3:29  Marine  
  39  3:30  Marine  
  41  3:40  Barracks, SCV  
  42  3:48  Marine  
  42  3:49  Starport  
  42  3:51  Marine  
Show
View Real Time Build Order
Export as new Build Order

ИИ 1 (эксперт) Protoss - Winner!

Build Orders: Mass Adepts 

Get SALT Encoding   

  12  0:00  Probe  
  13  0:13  Probe  
  14  0:19  Pylon  
  14  0:25  Probe  
  15  0:33  Probe  
  15  0:40  Gateway  
  15  0:41  Probe  
  17  0:51  Probe  
  18  0:59  Probe  
  19  1:08  Probe  
  19  1:11  Assimilator  
  19  1:15  Pylon  
  19  1:18  Probe  
  21  1:33  Cybernetics Core  
  21  1:45  Nexus  
  21  1:51  Zealot  
  23  2:01  Probe  
  23  2:03  Gateway  
  24  2:11  Probe  
  24  2:14  Pylon  
  25  2:23  Zealot  
  25  2:24  Probe  
  25  2:28  Warp Gate  
  28  2:36  Probe  
  29  2:37  Assimilator  
  29  2:43  Adept  
  29  2:48  Probe  
  29  2:50  Adept  
  34  3:00  Probe  
  34  3:01  Pylon  
  34  3:04  Probe  
  35  3:12  Adept  
  36  3:15  Probe  
  39  3:23  Probe  
  39  3:24  Gateway  
  40  3:28  Probe  
  40  3:33  Adept  
  43  3:35  Probe  
  43  3:40  Probe  
  45  3:47  Adept  
  45  3:48  Probe  
  48  3:51  Probe  
  49  3:56  Adept  
  49  3:59  Probe  
  49  4:00  Probe  
  50  4:07  Probe  
  50  4:09  Pylon  
  53  4:12  Probe  
  55  4:18  Adept, Probe  
  55  4:20  Pylon  
  54  4:24  Probe  
  54  4:25  Adept  
  51  4:34  Adept  
  49  4:38  Adept  
  49  4:45  Adept  
  49  4:50  Probe x2  
  44  4:53  Adept  
  44  4:59  Stalker, Probe  
  41  5:03  Probe  
  41  5:04  Twilight Council  
  41  5:05  Adept  
  45  5:14  Adept  
Tags
 
Composition
Mass Adepts
Matchup
ПvТ
Spawn Locations
Cross Positions
Add a new tag
Caveats
  • Supply blocks, unpowered buildings, or Contaminate may cause inaccurate times.
  • Supply counts are checked every 10 seconds.